 Dungeon Crawl Stone Soup version 0.19.1 (webtiles) character file.

4986 Jerry the Carver (level 10, -6/77 HPs)
             Began as a Minotaur Monk on Dec 27, 2016.
             Killed from afar by Erica (23 damage)
             ... with an orb of energy
             ... on level 8 of the Dungeon.
             The game lasted 00:25:14 (9235 turns).

Jerry the Carver (Minotaur Monk)                    Turns: 9235, Time: 00:25:14

Health: -6/77      AC: 18    Str: 18    XL:     10   Next: 29%
Magic:  9/9        EV: 10    Int:  7    God:
Gold:   496        SH:  0    Dex: 14    Spells: 3 memorised, 3 levels left

rFire  + . .     SeeInvis .     A - +3 falchion (curse)
rCold  . . .     Gourm    .     F - +0 plate armour
rNeg   . . .     Faith    .     (no shield)
rPois  .         Spirit   .     (helmet restricted)
rElec  .         Reflect  .     w - +1 cloak
rCorr  .         Harm     .     (no gloves)
MR     .....                    (no boots)
Stlth  ..........               e - amulet of rage
                                q - +1 ring of protection
                                G - ring of protection from fire

@: no status effects
A: retaliatory headbutt, horns 2
a: Evoke Berserk Rage


You were on level 8 of the Dungeon.
You were not hungry.

You visited 2 branches of the dungeon, and saw 9 of its levels.

You collected 496 gold pieces.

Inventory:

Hand Weapons
 k - a +0 great sword
 A - a cursed +3 falchion (weapon)
Missiles
 K - 6 javelins (quivered)
Armour
 w - a +1 cloak (worn)
 F - a +0 plate armour (worn)
Jewellery
 e - an amulet of rage (around neck)
 g - an uncursed ring of resist corrosion
 q - a +1 ring of protection (right hand)
 G - a ring of protection from fire (left hand)
 H - an uncursed ring of magical power
Wands
 m - a wand of disintegration (21/24)
 o - a wand of iceblast (8/15)
 s - a wand of random effects (13/48)
Scrolls
 j - 3 scrolls of remove curse
 t - 3 scrolls of magic mapping
 x - a scroll of enchant weapon
 D - 3 scrolls of teleportation
Potions
 b - a potion of ambrosia {unknown}
 f - a potion of magic {unknown}
 h - 2 potions of resistance {unknown}
 l - 2 potions of haste {unknown}
 n - a potion of cure mutation {unknown}
 u - 6 potions of curing
 z - a potion of flight {unknown}
 C - a potion of brilliance {unknown}
 E - a potion of heal wounds {unknown}
Books
 y - a book of Geomancy

   Spells                             Type                      Level
   a - Sandblast                      Earth                        1
   b - Passwall                       Transmutation/Earth          2
   c - Stone Arrow                    Conjuration/Earth            3
   d - Petrify                        Transmutation/Earth          4
   e - Lee's Rapid Deconstruction     Earth                        5
 B - a book of Minor Magic

   Spells                             Type                      Level
   a - Magic Dart                     Conjuration                  1
   b - Blink                          Translocation                2
   c - Call Imp                       Summoning                    2
   d - Repel Missiles                 Charms/Air                   2
   e - Slow                           Hexes                        2
   f - Conjure Flame                  Conjuration/Fire             3
   g - Mephitic Cloud                 Conjuration/Poison/Air       3
 J - a book of Callings

   Spells                             Type                      Level
   a - Summon Small Mammal            Summoning                    1
   b - Call Imp                       Summoning                    2
   c - Call Canine Familiar           Summoning                    3
   d - Summon Guardian Golem          Hexes/Summoning              3
   e - Summon Lightning Spire         Summoning/Air                4
   f - Summon Ice Beast               Ice/Summoning                4
Comestibles
 c - 3 bread rations
 d - 2 fruits
 i - 4 meat rations
 r - 4 beef jerkies
 v - 2 royal jellies


   Skills:
 - Level 3.6 Fighting
 + Level 11.1 Long Blades
 + Level 10.1 Armour
 + Level 10.3 Dodging
 - Level 1.5 Stealth


You had 3 spell levels left.
You knew the following spells:

 Your Spells              Type           Power        Failure   Level  Hunger
a - Blink                 Tloc           N/A          100%        2    ###....
b - Repel Missiles        Chrm/Air       #.....       100%        2    ###....
c - Passwall              Tmut/Erth      #.........   100%        2    ###....


Dungeon Overview and Level Annotations

Branches:
Dungeon (8/15)             Temple (1/1) D:6
   Lair: D:8-11

Altars:
Ashenzari
Elyvilon
Fedhas
Gozag
Hepliaklqana
Kikubaaqudgha
Nemelex Xobeh
Okawaru
Qazlal
Ru
Sif Muna
Trog
Uskayaw
Vehumet
Xom
Yredelemnul
Zin
The Shining One

Shops:
D:5 :

Annotations:
D:8 Erica


Innate Abilities, Weirdness & Mutations

You reflexively headbutt those who attack you in melee.
You have a pair of horns on your head.


Message History

The gnoll hits you from afar with a halberd.
You hear some strange, mumbled words.
An orb of energy appears from out of thin air!
The orb of energy hits you!
* * * LOW HITPOINT WARNING * * *
You hit something.
Erica appears from thin air!
Reactivating autopickup.
The gnoll hits you but does no damage. Erica hits you but does no damage.
You hit Erica.
Erica is severely wounded.
It was a potion of curing.
You feel better. The gnoll hits you but does no damage.
Erica hits you but does no damage.
Erica casts a spell.
Erica flickers and vanishes!
Deactivating autopickup; reactivate with Ctrl-A.
Something tries to affect you, but you resist.
You hear some strange, mumbled words.
An orb of energy appears from out of thin air!
The orb of energy hits you!
You die...

#....⌠.....####### #.##
#..........#.....## ##.#
#........#........# #..#
#...._....##......# ##.##
#.##...#..####....# #..#
#.##....#.## ###.## #..#
##....(.....## ######.##
##............#######...#
###.............@....gg...##
#.................#######..##
..................# ##..##
..................# ##g.##
..................# ##..##
.................## ###.##
.................# ##.#
.................# ##)
.................# #.


You could see 2 gnolls.

Vanquished Creatures
  Pikel (D:7)
  Joseph (D:7)
  The ghost of lupus83 the Destroyer, a novice DEFE of Vehumet (D:7)
  Sigmund (D:5)
  Grum (D:8)
  A hungry ghost (D:8)
  A slave (D:7)
  2 ice beasts
  3 orc warriors
  3 wolves (D:8)
  2 ogres
  5 centaurs
  A big kobold (D:6)
  5 bullfrogs
  Dowan (D:7)
  4 scorpions
  13 wights
  A howler monkey (D:6)
  6 crimson imps
  A bullfrog zombie (D:6)
  A jelly (D:5)
  2 centaur skeletons
  3 orc priests
  A hound (D:8)
  2 orc wizards (D:6)
  6 worker ants
  2 hound skeletons
  A worker ant zombie (D:8)
  5 gnolls
  9 adders
  An ooze (D:5)
  2 adder skeletons
  2 worms
  2 dart slugs
  5 leopard geckos
  24 orcs
  4 giant cockroaches
  3 goblins
  8 hobgoblins
  9 jackals
  7 quokkas
  2 ball pythons
  A ball python zombie (D:5)
  7 bats
  9 frilled lizards
  A jackal skeleton (D:6)
  12 kobolds
  8 rats
193 creatures vanquished.

Vanquished Creatures (others)
  A slave (D:7)
  Duvessa (D:7)
  An orc wizard (D:7)
  A gnoll (D:8)
  A quokka (D:5)
5 creatures vanquished.

Grand Total: 198 creatures vanquished

Notes
Turn   | Place    | Note
-------+----------+-------------------------------------------
     0 | D:1      | Jerry the Minotaur Monk began the quest for the Orb.
     0 | D:1      | Reached XP level 1. HP: 19/19 MP: 0/0
   241 | D:1      | Reached XP level 2. HP: 19/26 MP: 1/1
   248 | D:1      | Reached skill level 1 in Armour
   626 | D:1      | Reached skill level 4 in Long Blades
   865 | D:2      | Reached XP level 3. HP: 31/31 MP: 2/2
  1225 | D:2      | Reached XP level 4. HP: 33/39 MP: 3/3
  1713 | D:2      | Found a shimmering altar of Xom.
  2387 | D:3      | Noticed a centaur
  2402 | D:3      | Killed a centaur
  2402 | D:3      | Reached skill level 5 in Long Blades
  2402 | D:3      | Reached XP level 5. HP: 3/45 MP: 4/4
  2960 | D:4      | Noticed an ice beast
  2972 | D:4      | Killed an ice beast
  2972 | D:4      | Reached skill level 5 in Dodging
  2972 | D:4      | Reached XP level 6. HP: 40/51 MP: 5/5
  3174 | D:4      | Found a sparkling altar of Nemelex Xobeh.
  3184 | D:4      | Reached skill level 6 in Long Blades
  3199 | D:4      | Found a hazy altar of Hepliaklqana.
  3470 | D:4      | Reached XP level 7. HP: 27/57 MP: 6/6
  3783 | D:5      | Entered Level 5 of the Dungeon
  3856 | D:5      | Reached skill level 5 in Armour
  4307 | D:5      | Found Ikhoguok's Book Boutique.
  4308 | D:5      | Found a white marble altar of Elyvilon.
  4309 | D:5      | Noticed Sigmund
  4437 | D:5      | Reached skill level 7 in Long Blades
  4825 | D:6      | Found a blossoming altar of Fedhas.
  4840 | D:6      | Found a staircase to the Ecumenical Temple.
  4843 | D:6      | Reached XP level 8. HP: 64/64 MP: 7/7
  4847 | Temple   | Entered the Ecumenical Temple
  5374 | D:6      | Reached skill level 8 in Long Blades
  5951 | D:7      | Noticed lupus83's ghost (novice DEFE)
  6082 | D:7      | Killed lupus83's ghost
  6311 | D:7      | Reached skill level 9 in Long Blades
  6311 | D:7      | Reached XP level 9. HP: 60/70 MP: 8/8
  6779 | D:5      | Killed Sigmund
  7124 | D:7      | Found a glowing golden altar of the Shining One.
  7214 | D:7      | Noticed Joseph
  7234 | D:7      | Killed Joseph
  7246 | D:7      | Found a stormy altar of Qazlal.
  7247 | D:7      | Noticed Pikel
  7314 | D:7      | Killed Pikel
  7314 | D:7      | Reached skill level 10 in Long Blades
  7586 | D:7      | Noticed Duvessa
  7587 | D:7      | Noticed Dowan
  7592 | D:7      | Killed Duvessa
  7595 | D:7      | Killed Dowan
  8146 | D:8      | Reached XP level 10. HP: 53/77 MP: 9/9
  8438 | D:8      | Found a hide-covered altar of Uskayaw.
  8442 | D:8      | Found a deep blue altar of Sif Muna.
  8490 | D:8      | Learned a level 2 spell: Blink
  8493 | D:8      | Learned a level 2 spell: Repel Missiles
  8496 | D:8      | Learned a level 2 spell: Passwall
  8576 | D:8      | Noticed Grum
  8582 | D:8      | Reached skill level 10 in Dodging
  8591 | D:8      | Killed Grum
  8760 | D:8      | Reached skill level 11 in Long Blades
  8769 | D:8      | Reached skill level 10 in Armour
  9165 | D:8      | Noticed Erica
  9235 | D:8      | Killed from afar by Erica

Skill      XL: |  1  2  3  4  5  6  7  8  9 10 |
---------------+-------------------------------+-----
Armour         | 1 2 3 4 5 7 9 10 | 10.1
Long Blades    | 4 5 6 7 9 10 11 | 11.1
Dodging        | 4 5 6 8 9 10 | 10.3
Fighting       | |  3.6
Stealth        | |  1.5

Action                   |  1- 3 |  4- 6 |  7- 9 | 10-12 || total
-------------------------+-------+-------+-------+-------++-------
Melee: Falchion          |    68 |   146 |   446 |   119 ||   779
       Headbutt          |     9 |    35 |    89 |    21 ||   154
 Abil: Evoke Berserk Rag |       |       |       |     1 ||     1
  Use: Scroll            |       |       |    14 |       ||    14
       Potion            |       |       |     4 |     2 ||     6
  Eat: Chunk             |     1 |     7 |    14 |     6 ||    28
       Pizza             |       |       |     1 |     1 ||     2
Armor: Robe              |     5 |       |       |       ||     5
       Ring mail         |     3 |       |       |       ||     3
       Chain mail        |    14 |    79 |   106 |       ||   199
       Skin              |       |       |   113 |    39 ||   152
       Plate armour      |       |       |    34 |    64 ||    98
Dodge: Dodged            |    45 |    71 |   187 |    53 ||   356
       Rpst.: Falchion   |    11 |    15 |    59 |    12 ||    97
